 Dungeon Crawl Stone Soup version 0.24.0-37-gcf1ca852f1 (webtiles) character file.

Game seed: 12038294037124447924, levelgen mode: deterministic

1409 Iamsoldier the Charmwright (level 8, -1/96 HPs)
             Began as a Gnoll Skald on Nov 24, 2019.
             Was an Initiate of Ru.
             Slain by a gnoll
             ... wielding a +2 halberd of venom
              (8 damage)
             ... on level 6 of the Dungeon.
             The game lasted 00:15:08 (5321 turns).

Iamsoldier the Charmwright (Gnoll Skald)            Turns: 5321, Time: 00:15:09

Health: -1/96      AC: 12    Str: 20    XL:     8   Next: 70%
Magic:  9/17       EV: 15    Int: 17    God:    Ru [......]
Gold:   520        SH:  0    Dex: 14    Spells: 10/19 levels left

rFire    + . .     SeeInvis .   a - +1 spear
rCold    . . .     Gourm    .   (no shield)
rNeg     . . .     Faith    .   q - +0 leather armour
rPois    .         Spirit   .   n - +1 helmet
rElec    .         Reflect  .   r - +2 cloak
rCorr    .         Harm     .   (no gloves)
MR       .....                  y - +0 pair of boots
Stlth    ..........             (no amulet)
HPRegen  0.26/turn              (no ring)
MPRegen  0.15/turn              (no ring)

@: berserking (expiring), lethally poisoned (-1 -> -2), very quick
A: distributed training, fangs 1, iridescent scales 1, fire resistance 1, no
stealth, strong nose
a: Sacrifice an Eye, Sacrifice Arcana, Sacrifice Artifice, Reject Sacrifices,
Renounce Religion


You were on level 6 of the Dungeon.
You worshipped Ru.
Ru was noncommittal.
You were hungry.

You visited 1 branch of the dungeon, and saw 6 of its levels.
You also visited: Ossuary.

You collected 520 gold pieces.

Inventory:

Hand Weapons
 a - a +1 spear (weapon)
 b - a +2 vampiric short sword
Missiles
 z - a throwing net (quivered)
Armour
 n - a +1 helmet (worn)
 q - a +0 leather armour (worn)
 r - a +2 cloak (worn)
 y - a +0 pair of boots (worn)
Scrolls
 f - 5 scrolls of identify
 g - a scroll of noise {unknown}
 h - 2 scrolls of blinking {unknown}
 j - 4 scrolls of teleportation
 k - 2 scrolls of remove curse {unknown}
Potions
 e - 2 potions of degeneration {unknown}
 i - a potion of haste {unknown}
 l - a potion of might {unknown}
 m - a potion of brilliance {unknown}
 o - a potion of cancellation {unknown}
 p - 2 potions of mutation
 s - a potion of ambrosia {unknown}
 t - 2 potions of flight {unknown}
 u - 2 potions of resistance {unknown}
 v - 2 potions of lignification {unknown}
 w - 2 potions of curing {unknown}
Comestibles
 d - 5 rations
 x - 3 chunks of flesh


   Skills:
 + Level 5.8 Fighting
 + Level 3.4 Short Blades
 + Level 3.4 Long Blades
 + Level 3.4 Axes
 + Level 3.4 Maces & Flails
 + Level 5.8 Polearms
 + Level 3.4 Staves
 + Level 3.4 Slings
 + Level 3.4 Bows
 + Level 3.4 Crossbows
 + Level 3.4 Throwing
 + Level 4.3 Armour
 + Level 5.8 Dodging
   Level 0.0 Stealth
 + Level 3.4 Shields
 + Level 3.4 Unarmed Combat
 + Level 6.1 Spellcasting
 + Level 2.8 Conjurations
 + Level 2.8 Hexes
 + Level 6.2 Charms
 + Level 2.8 Summonings
 + Level 2.8 Necromancy
 + Level 2.8 Translocations
 + Level 2.8 Transmutations
 + Level 2.8 Fire Magic
 + Level 2.8 Ice Magic
 + Level 2.8 Air Magic
 + Level 2.8 Earth Magic
 + Level 2.8 Poison Magic
 + Level 3.8 Invocations
 + Level 3.4 Evocations


You had 10 spell levels left.
You knew the following spells:

 Your Spells              Type           Power        Failure   Level  Hunger
a - Infusion              Chrm           ####         1%          1    None
b - Shroud of Golubria    Chrm/Tloc      ###...       3%          2    None
c - Spectral Weapon       Hex/Chrm       ###.....     7%          3    ##.....
d - Regeneration          Chrm/Necr      ###.......   7%          3    ##.....

Your spell library contained the following spells:

 Spells                   Type           Power        Failure   Level  Hunger
 Song of Slaying          Chrm           ####....     1%          2    None
 Swiftness                Chrm/Air       ###.....     3%          2    None
 Animate Skeleton         Necr           N/A          4%          1    None
 Apportation              Tloc           ##....       4%          1    None
 Confusing Touch          Hex            ##....       4%          1    None
 Shock                    Conj/Air       ##..         4%          1    None
 Summon Small Mammal      Summ           ##..         4%          1    None
 Static Discharge         Conj/Air       ##......     14%         3    ##.....
 Airstrike                Air            ##........   41%         4    ####...
 Lightning Bolt           Conj/Air       ##........   77%         5    #####..


Dungeon Overview and Level Annotations

Branches:
Dungeon (6/15)            Ossuary (visited)
 Temple: D:4-7

Altars:
Elyvilon
Hepliaklqana
Kikubaaqudgha
Nemelex Xobeh
Ru
Sif Muna


Innate Abilities, Weirdness & Mutations

Your experience applies equally to all skills.
You have very sharp teeth.
You cannot be stealthy.
Your uncanny sense of smell can sniff out nearby items.
You are partially covered in iridescent scales. (AC +2)
Your flesh is heat resistant. (rF+)


Message History

The gnoll misses you. The adder closely misses you.
You hit the gnoll sergeant but do no damage.
You bite the gnoll sergeant.
You kill the gnoll sergeant!
You miss the adder. Your bite misses the adder.
Your spectral weapon hits the adder.
The adder barely misses you. The orc hits you with a +0 hand axe.
* * * LOW HITPOINT WARNING * * *
The gnoll splashes around in the water.
You closely miss the adder.
The adder is heavily wounded.
Your spectral weapon hits the adder.
You kill the adder!
The orc barely misses you.
You hit the orc.
The orc is severely wounded.
You feel sick.
Your spectral weapon barely misses the orc.
The gnoll hits you from afar with a +2 halberd of venom!
You die...

#.##### #.....# #. ##
#.###.# #.###.## #.#
.......####
#.###.#.#..........#
..........##.....#.#
).###.##.##........######
<## #....o......... .#
#....)@....# .#
##...)(#.#.# .#
#...g##.#.# .##### #.#.##
##.## #....#####
#.#.####...##
.#.....>.###.#..##.g...#
.#.#.#.#........'()g♣
.........###.######.o.#
...#.#.### #.# #.g.#


You could see a gnoll, an orc and a friendly spectral +1 spear.

Vanquished Creatures
  Sigmund (D:3)
  2 sky beasts
  A phantom (D:4)
  3 ogres
  A bullfrog (D:6)
  A gnoll sergeant (D:6)
  2 howler monkeys
  A jelly (D:6)
  2 orc wizards
  An orc priest (D:6)
  An iguana (D:6)
  A worker ant (D:4)
  8 mummies (Ossuary)
  6 adders
  6 gnolls
  An ooze (D:2)
  7 worms
  3 dart slugs
  2 leopard geckos
  11 orcs
  A giant cockroach (D:2)
  A gnoll zombie (Ossuary)
  8 goblins
  8 hobgoblins
  2 jackals (D:4)
  13 kobolds
  3 quokkas
  2 ball pythons (D:2)
  7 bats
  7 frilled lizards
  A hobgoblin zombie (Ossuary)
  4 kobold zombies (Ossuary)
  2 orc zombies (Ossuary)
  A quokka skeleton (D:4)
  A quokka zombie (D:6)
  8 rats
130 creatures vanquished.

Vanquished Creatures (others)
  2 spectral weapons
2 creatures vanquished.

Grand Total: 132 creatures vanquished

Notes
Turn   | Place    | Note
-------+----------+-------------------------------------------
     0 | D:1      | Iamsoldier the Gnoll Skald began the quest for the Orb.
     0 | D:1      | Reached XP level 1. HP: 20/20 MP: 6/6
   228 | D:1      | Reached XP level 2. HP: 26/26 MP: 4/7
   245 | D:1      | Learned a level 2 spell: Shroud of Golubria
   644 | D:2      | Reached XP level 3. HP: 16/31 MP: 3/9
   649 | D:2      | Learned a level 3 spell: Spectral Weapon
   653 | D:2      | Learned a level 3 spell: Regeneration
   814 | D:2      | Reached skill level 5 in Spellcasting
  1011 | D:2      | Found a sacrificial altar of Ru.
  1024 | D:2      | Reached skill level 1 in Short Blades
  1024 | D:2      | Reached skill level 1 in Long Blades
  1024 | D:2      | Reached skill level 1 in Axes
  1024 | D:2      | Reached skill level 1 in Maces & Flails
  1024 | D:2      | Reached skill level 1 in Staves
  1024 | D:2      | Reached skill level 1 in Slings
  1024 | D:2      | Reached skill level 1 in Bows
  1024 | D:2      | Reached skill level 1 in Crossbows
  1024 | D:2      | Reached skill level 1 in Throwing
  1024 | D:2      | Reached skill level 1 in Stealth
  1024 | D:2      | Reached skill level 1 in Shields
  1024 | D:2      | Reached skill level 1 in Unarmed Combat
  1024 | D:2      | Reached skill level 1 in Invocations
  1024 | D:2      | Reached skill level 1 in Evocations
  1024 | D:2      | Reached XP level 4. HP: 35/38 MP: 3/11
  1052 | D:2      | Became a worshipper of Ru the Awakened
  1625 | D:2      | Reached skill level 1 in Conjurations
  1625 | D:2      | Reached skill level 1 in Hexes
  1625 | D:2      | Reached skill level 1 in Summonings
  1625 | D:2      | Reached skill level 1 in Necromancy
  1625 | D:2      | Reached skill level 1 in Translocations
  1625 | D:2      | Reached skill level 1 in Transmutations
  1625 | D:2      | Reached skill level 1 in Fire Magic
  1625 | D:2      | Reached skill level 1 in Ice Magic
  1625 | D:2      | Reached skill level 1 in Air Magic
  1625 | D:2      | Reached skill level 1 in Earth Magic
  1625 | D:2      | Reached skill level 1 in Poison Magic
  2143 | D:2      | Found a white marble altar of Elyvilon.
  2143 | D:2      | Found a shimmering blue altar of Sif Muna.
  2249 | D:3      | Reached XP level 5. HP: 43/43 MP: 12/12
  2624 | D:3      | Found a faded altar of an unknown god.
  2665 | D:3      | Noticed Sigmund
  2706 | D:3      | Gained mutation: You are partially covered in iridescent
                  | scales. (AC +2) [potion of mutation]
  2706 | D:3      | Gained mutation: Your flesh is heat resistant. (rF+)
                  | [potion of mutation]
  2715 | D:3      | Killed Sigmund
  2715 | D:3      | Reached skill level 5 in Fighting
  2715 | D:3      | Reached skill level 5 in Polearms
  2715 | D:3      | Reached skill level 5 in Dodging
  2715 | D:3      | Reached XP level 6. HP: 33/51 MP: 0/14
  2727 | D:3      | Gained mutation: You cannot be stealthy. [Ru sacrifice]
  2822 | D:3      | Found an ancient bone altar of Kikubaaqudgha.
  2824 | D:3      | Found a sparkling altar of Nemelex Xobeh.
  3153 | D:4      | Noticed a phantom
  3177 | D:4      | Killed a phantom
  3177 | D:4      | Reached XP level 7. HP: 44/56 MP: 11/15
  3431 | D:4      | Found a sand-covered staircase.
  3443 | Ossuary  | Entered an ossuary
  4267 | D:5      | Entered Level 5 of the Dungeon
  4593 | D:5      | Found a hazy altar of Hepliaklqana.
  4620 | D:5      | Reached XP level 8. HP: 42/63 MP: 8/16
  5321 | D:6      | Slain by a gnoll

Levels and vault maps discovered:
D:1:      dpeg_arrival_boxorama, layout_basic, hangedman_decor_riveting,
          chequers_serial_rivers_micro_d
D:2:      layout_basic, nicolae_ru_great_annihilating_truth,
          gammafunk_temple_overflow_wave
D:3:      layout_rooms, gammafunk_temple_overflow_statue,
          chequers_ecumenical_altar_twisty, uniq_sigmund
D:4:      layout_basic, nicolae_ossuary_entry_ruins
D:5:      layout_basic, first_ration, basic_altar
D:6:      layout_loops_ring, minmay_temple_entry_stoned_glass,
          grunt_ministairs_15

Skill      XL: |  1  2  3  4  5  6  7  8 |
---------------+-------------------------+-----
Spellcasting   | 5 6 |  6.1
Short Blades   | 1 2 3 |  3.4
Long Blades    | 1 2 3 |  3.4
Axes           | 1 2 3 |  3.4
Maces & Flails | 1 2 3 |  3.4
Staves         | 1 2 3 |  3.4
Slings         | 1 2 3 |  3.4
Bows           | 1 2 3 |  3.4
Crossbows      | 1 2 3 |  3.4
Throwing       | 1 2 3 |  3.4
Stealth        | 1 2 0 |  0.0
Shields        | 1 2 3 |  3.4
Unarmed Combat | 1 2 3 |  3.4
Invocations    | 1 2 3 |  3.8
Evocations     | 1 2 3 |  3.4
Conjurations   | 1 2 |  2.8
Hexes          | 1 2 |  2.8
Summonings     | 1 2 |  2.8
Necromancy     | 1 2 |  2.8
Translocations | 1 2 |  2.8
Transmutations | 1 2 |  2.8
Fire Magic     | 1 2 |  2.8
Ice Magic      | 1 2 |  2.8
Air Magic      | 1 2 |  2.8
Earth Magic    | 1 2 |  2.8
Poison Magic   | 1 2 |  2.8
Armour         | 3 4 |  4.3
Fighting       | 5 |  5.8
Polearms       | 5 |  5.8
Dodging        | 5 |  5.8
Charms         | 6 |  6.2

Action                   |  1- 3 |  4- 6 |  7- 9 || total
-------------------------+-------+-------+-------++-------
Melee: Spear             |    80 |   208 |   228 ||   516
       Bite              |     5 |    14 |    28 ||    47
       Punch             |       |     1 |     3 ||     4
 Cast: Infusion          |    12 |    11 |     3 ||    26
       Spectral Weapon   |       |     8 |    19 ||    27
       Shroud of Golubri |       |     5 |     9 ||    14
       Regeneration      |       |     2 |     5 ||     7
Invok: Sacrifice Stealth |       |     1 |       ||     1
  Use: Potion            |       |     1 |     1 ||     2
       Scroll            |       |     6 |     1 ||     7
 Stab: Sleeping          |       |     4 |       ||     4
       Paralysed         |       |     1 |       ||     1
       Distracted        |       |       |     3 ||     3
  Eat: Chunk             |       |     8 |     5 ||    13
       Ration            |       |       |     1 ||     1
Armor: Leather armour    |     6 |    43 |    59 ||   108
Dodge: Dodged            |    26 |   102 |   137 ||   265
